 Dungeon Crawl Stone Soup version 0.30-a0-862-g1aabd4f9c5 (webtiles) character file.

Game seed: 5369817425241069768

45859 iguanaiguana the Frost Mage (level 14, -8/124 HPs)
             Began as an Armataur Ice Elementalist on Mar 9, 2023.
             Was an Elder of Ashenzari.
             Mangled by a freezing wraith (17 damage)
             ... led by a death knight
             ... on level 10 of the Dungeon.
             The game lasted 01:42:11 (7247 turns).

iguanaiguana the Frost Mage (AtIE)                  Turns: 7247, Time: 01:42:12

Health: -8/124     AC: 19    Str: 16    XL:     14   Next: 2%
Magic:  16/36      EV:  8    Int: 26    God:    Ashenzari [****..]
Gold:   788        SH:  5    Dex: 11    Spells: 4/31 levels left

rFire   + . .      SeeInvis +    i - +5 hand axe of the Sibylline Vision {heavy, Will+ MP+9, Elem, Comp} (curse)
rCold   . . .      Faith    .    d - +0 buckler "Shackled Seer" {Evo, Bglg} (curse)
rNeg    . . .      Spirit   .    L - +3 leather armour of the All-Knowing {Will+, Bglg, Evo} (curse)
rPois   .          Reflect  .    l - +0 helmet of Desmomancy {Self, Fort} (curse)
rElec   .          Roll     +    (no cloak)
rCorr   .          Clarity  +    t - +1 pair of gloves of Star-Bound Wisdom {Elem, Cun} (curse)
Will    +....                    E - +3 barding "Thunder Perfect Mind" {Fly, Bglg, Cun} (curse)
Stlth   ++++                     (no amulet)
HPRegen 0.40/turn                k - ring of the Cryptic Yoke {rF+ Str+2 Int+6, Self, Elem} (curse)
MPRegen 0.25/turn                (no ring)

@: weak-willed, flying
A: large, rugged brown scales 3, deformed body, armoured tail, roll, long
tongue, awkward tongue
a: Renounce Religion, Shatter the Chains


You were on level 10 of the Dungeon.
You worshipped Ashenzari.
Ashenzari was greatly pleased with you.
You visited 4 branches of the dungeon, and saw 18 of its levels.
You also visited: Bailey and Gauntlet.

You collected 788 gold pieces.

Inventory:

Hand Weapons
 i - the cursed +5 hand axe of the Sibylline Vision (weapon) {heavy, Will+ MP+9, Elem, Comp}
   (You found it on level 6 of the Dungeon)

   MP:        It affects your magic capacity (+9).
   Will:      It increases your willpower.
   It has a curse which improves the following skills: Elements: Fire Magic, Ice
   Magic, Air Magic and Earth Magic.
   Companions: Summonings and Necromancy.
 w - the +5 war axe of Vagonor {venom, Drain rF+ rC+}
   (You found it on level 3 of the Lair of Beasts)

   rF:        It protects you from fire.
   rC:        It protects you from cold.
   Drain:     It drains your maximum health when unequipped.
Missiles
 f - 25 boomerangs (quivered)
 g - 5 silver javelins
 n - 2 throwing nets
 x - 2 curare-tipped darts
 I - 6 poisoned darts
 N - 6 javelins
Armour
 d - the cursed +0 buckler "Shackled Seer" (worn) {Evo, Bglg}
   (You took it off a spriggan on level 5 of the Lair of Beasts)

   It has a curse which improves the following skills: Evocations: Evocations.
   Beguiling: Conjurations, Hexes and Translocations.
 l - the cursed +0 helmet of Desmomancy (worn) {Self, Fort}
   (You took it off Robin on level 2 of the Dungeon)

   It has a curse which improves the following skills: Introspection: Fighting
   and Spellcasting.
   Fortitude: Armour and Shields.
 t - the cursed +1 pair of gloves of Star-Bound Wisdom (worn) {Elem, Cun}
   (You found it on level 3 of the Dungeon)

   It has a curse which improves the following skills: Elements: Fire Magic, Ice
   Magic, Air Magic and Earth Magic.
   Cunning:   Dodging and Stealth.
 E - the cursed +3 barding "Thunder Perfect Mind" (worn) {Fly, Bglg, Cun}
   (You acquired it in a bailey)

   Fly:       It grants you flight.
   It has a curse which improves the following skills: Beguiling: Conjurations,
   Hexes and Translocations.
   Cunning:   Dodging and Stealth.
 G - a +2 pair of gloves
 L - the cursed +3 leather armour of the All-Knowing (worn) {Will+, Bglg, Evo}
   (You took it off an orc on level 10 of the Dungeon)

   It has a curse which improves the following skills: Beguiling: Conjurations,
   Hexes and Translocations.
   Evocations: Evocations.
 O - the +1 plate armour of Disguise {-Tele rN++ Regen+ SInv}
   (You took it off a minotaur in a Gauntlet)

   rN:        It greatly protects you from negative energy.
   SInv:      It lets you see invisible.
   -Tele:     It prevents most forms of teleportation.
   Regen:     It increases your rate of health regeneration.
Magical Staves
 o - a staff of earth
 u - a staff of fire
Jewellery
 k - the cursed ring of the Cryptic Yoke (left hand) {rF+ Str+2 Int+6, Self, Elem}
   (You found it in a Gauntlet)

   [ring of intelligence]

   Str:       It affects your strength (+2).
   Int:       It affects your intelligence (+6).
   rF:        It protects you from fire.
   It has a curse which improves the following skills: Introspection: Fighting
   and Spellcasting.
   Elements:  Fire Magic, Ice Magic, Air Magic and Earth Magic.
Wands
 c - a wand of mindburst (10)
 h - a wand of digging (4) {@v3}
 p - a wand of quicksilver (2)
 s - a wand of polymorph (7)
 P - a wand of charming (6)
Scrolls
 a - 3 scrolls of blinking {@r4}
 j - 4 scrolls of fog
 q - a scroll of brand weapon
 v - 3 scrolls of summoning
 y - 2 scrolls of enchant weapon
 A - 2 scrolls of immolation
 B - a scroll of amnesia
 C - 2 scrolls of fear
 H - 2 scrolls of magic mapping {@r5}
 J - a scroll of poison
Potions
 b - a potion of magic
 e - 2 potions of might {@q3}
 m - a potion of brilliance
 r - 5 potions of mutation
 D - 2 potions of haste {@q4}
 K - a potion of lignification
Miscellaneous
 F - a box of beasts
 M - a phial of floods


   Skills:
 - Level 5.4(8.3) Fighting
 - Level 3.9(5.7) Armour
 - Level 3.2(5.7) Dodging
 - Level 6.7(9.7) Stealth
 - Level 4.2(6.1) Shields
 - Level 6.4(9.4) Spellcasting
 - Level 9.5(13.4) Conjurations
 - Level 6.0(7.9) Summonings
 - Level 1.5(4.0) Translocations
 + Level 9.1(13.0) Fire Magic
 - Level 10.1(14.0) Ice Magic
 - Level 7.5(11.4) Air Magic
 - Level 5.3(8.2) Evocations


You had 4 spell levels left.
You knew the following spells:

 Your Spells              Type           Power      Damage    Failure   Level
a - Freezing Cloud        Conj/Ice/Air   34%        6-21      1%          5
b - Frozen Ramparts       Ice            100%       1d16      1%          3
c - Ozocubu's Armour      Ice            71%        N/A       1%          3
d - Summon Ice Beast      Ice/Summ       62%        N/A       1%          4
e - Freeze                Ice            100%       1d10      1%          1
f - Fireball              Conj/Fire      34%        3d14      1%          5
g - Starburst             Conj/Fire      34%        6d10      4%          6

Your spell library contained the following spells:

 Spells                   Type           Power      Damage    Failure   Level
 Apportation              Tloc           66%        N/A       1%          1
 Foxfire                  Conj/Fire      100%       2x1d9     1%          1
 Shock                    Conj/Air       100%       1d9       1%          1
 Hailstorm                Conj/Ice       70%        3d15      1%          3
 Kindle Blastsparks       Fire/Tloc/Air  100%       2d18      1%          3
 Ignite Poison            Fire/Tmut/Pois 34%        N/A       3%          3
 Alistair's Intoxication  Tmut/Pois      8%         N/A       89%         5
 Borgnjor's Revivificati  Necr           6%         N/A       100%        8


Dungeon Overview and Level Annotations

Branches:
Dungeon (10/15) Zot: 26677  Temple (1/1) D:4 Zot: 5923    Lair (5/5) D:9 Zot: 24821
  Swamp (0/4) Lair:3       Spider (0/4) Lair:2        Slime (0/5) Lair:4
    Orc (2/2) D:10 Zot: 11991  Bailey (visited)         Gauntlet (visited)
    Elf: Orc:2

Altars:
Ashenzari
Gozag
Hepliaklqana
Kikubaaqudgha
Makhleb
Qazlal
Trog
Uskayaw
Wu Jian
Zin
Jiyva

Annotations:
D:3 exclusion: upstairs
D:4 Grinder
D:7 Menkaure
Lair:3 exclusions: 2 electric eels, lava snake and 5 more exclusions
Lair:4 exclusion: oklob plant


Innate Abilities, Weirdness & Mutations

You are completely covered in rugged brown scales. (AC +3, +7% HP)
Armour fits poorly on your strangely shaped body.
You have a long armoured tail.
You roll when moving toward enemies. (Rampage)
Your long tongue fully drains potion bottles. (2x potion effects)
Your tongue gives you trouble enunciating. (1.5x scroll delay)


Message History

A film of ice covers your body! The phantasmal warrior hits you!
* * * LOW HITPOINT WARNING * * *
Casting: Ozocubu's Armour (safe; 1% risk of failure)
Confirm with . or Enter, or press ? or * to list all spells.
Okay, then.
You slurp down every last drop of the potion of curing {@q1}!
You feel better.
Casting: Ozocubu's Armour (safe; 1% risk of failure)
Confirm with . or Enter, or press ? or * to list all spells.
Okay, then.
Casting: Ozocubu's Armour (safe; 1% risk of failure)
Confirm with . or Enter, or press ? or * to list all spells.
Casting: Starburst (dangerous; 4% risk of failure)
Press: ? - help, Dir - look around, f - activate Look: a phantasmal warrior (76% to hit)
The bolt of fire hits the phantasmal warrior!!
The phantasmal warrior is heavily damaged.
The phantasmal warrior hits you!
* * * LOW HITPOINT WARNING * * *
Casting: Starburst (dangerous; 4% risk of failure)
Confirm with . or Enter, or press ? or * to list all spells.
Casting: Starburst (dangerous; 4% risk of failure)
Press: ? - help, Dir - look around, f - activate The bolt of fire hits the phantasmal warrior!!
The phantasmal warrior is almost destroyed.
Casting: Starburst (dangerous; 4% risk of failure)
Confirm with . or Enter, or press ? or * to list all spells.
Casting: Starburst (dangerous; 4% risk of failure)
Press: ? - help, Dir - look around, f - activate The bolt of fire hits the phantasmal warrior!!!
You destroy the phantasmal warrior!
Training target 4.0 for Translocations reached!
Your base Translocations skill increases to level 1!
You need to enable at least one skill for training.
You fly downwards.
Your icy armour cracks and falls away as you move.
The freezing wraith hits you.
* * * LOW HITPOINT WARNING * * *
The freezing wraith freezes you!
You die...

, , * * #. * , , *
#####. *.. , , ,
......########.. , ,
,... ............ * *
#.# #.........# , , #.#
#.........#
**#########.#
#.........# ,
......W.W.####)........#
, ,
.......@.....)).).......
* ,
......########[.........
..... #....>..... ,,
...., * #.......... ...,
#..W........ , .. , ,,
.............. #** , **
####.......... * *
#.......... , , , * *
#..........


You could see 2 freezing wraiths.

Vanquished Creatures
  An orc warlord (Bailey)
  A minotaur (Gauntlet)
  Snorg (Lair:3)
  2 hydras (Lair:5)
  A catoblepas (Lair:5)
  A boulder beetle (Lair:3)
  8 death yaks (Lair:5)
  2 two-headed ogres
  Nergalle (Lair:3)
  2 skysharks
  A fire crab (Gauntlet)
  A phantasmal warrior (D:9)
  3 elephants
  3 black mambas
  A torpor snail (Lair:5)
  13 cane toads
  2 komodo dragons (Lair:5)
  A kobold demonologist (D:6)
  2 rime drakes (Lair:5)
  A burning bush (Lair:5)
  4 hornets (Lair:5)
  7 polar bears
  Prince Ribbit (D:5)
  5 blink frogs
  3 dream sheep (Lair:5)
  A raiju (Lair:3)
  A ynoxinul (Gauntlet)
  3 wyverns
  13 spriggans (Lair:5)
  6 wraiths
  28 yaks
  A steam dragon (Gauntlet)
  2 basilisks (Lair:5)
  3 fire bats (Gauntlet)
  A warg (D:10)
  Duvessa (D:7)
  13 water moccasins
  7 black bears
  An ice beast (D:6)
  5 orc warriors
  A sky beast (D:5)
  4 centaurs
  An ogre (D:5)
  23 wolves
  3 boggarts (Lair:5)
  2 phantoms
  4 bullfrogs
  A gnoll sergeant (D:9)
  2 scorpions
  Dowan (D:7)
  A howler monkey (D:9)
  3 electric eels (Lair:2)
  7 hounds
  A jelly (D:6)
  2 orc priests (D:10)
  4 iron imps (Gauntlet)
  2 gnoll boudas
  3 iguanas
  7 orc wizards
  Robin (D:2)
  15 gnolls
  12 adders
  3 shadow imps
  A white imp (D:6)
  2 worms
  2 dart slugs
  25 orcs
  5 endoplasms
  A giant cockroach (D:3)
  25 goblins
  11 hobgoblins
  9 kobolds
  4 quokkas
  8 ball pythons
  4 bats
  2 frilled lizards
  A rat (D:2)
  2 butterflies (Lair:2)
359 creatures vanquished.

Vanquished Creatures (collateral kills)
  Josephine (Lair:3)
  A hydra (Lair:3)
  2 elephants (Lair:4)
  A cane toad (Lair:1)
  A rime drake (Lair:1)
  A komodo dragon (Lair:2)
  2 blink frogs (Lair:1)
  3 dream sheep (Lair:5)
  6 yaks
  A warg (D:10)
  3 water moccasins
  2 orc warriors (Bailey)
  A black bear (D:9)
  A wolf (Lair:5)
  A centaur (D:9)
  4 bullfrogs
  An orc priest (D:10)
  An orc wizard (D:8)
  2 orcs (Bailey)
  A hobgoblin (Bailey)
  A kobold (Bailey)
37 creatures vanquished.

Vanquished Creatures (others)
  A bush (Lair:4)
  67 fungi
  49 plants
117 creatures vanquished.

Grand Total: 513 creatures vanquished

Notes
Turn   | Place    | Note
-------+----------+-------------------------------------------
     0 | D:1      | iguanaiguana the Armataur Ice Elementalist began the quest
                  | for the Orb.
     0 | D:1      | Reached XP level 1. HP: 14/14 MP: 3/3
   185 | D:2      | Reached skill level 4 in Ice Magic
   185 | D:2      | Reached XP level 2. HP: 11/21 MP: 0/4
   372 | D:3      | Reached XP level 3. HP: 14/27 MP: 1/5
   377 | D:3      | Learned a level 3 spell: Frozen Ramparts
   549 | D:2      | Noticed Robin
   560 | D:2      | Reached skill level 5 in Ice Magic
   582 | D:1      | Reached XP level 4. HP: 14/35 MP: 3/6
   634 | D:2      | Killed Robin
   900 | D:5      | Entered Level 5 of the Dungeon
   900 | D:5      | Noticed an ogre
   905 | D:5      | Noticed a phantom
   912 | D:5      | Killed an ogre
   913 | D:5      | Reached skill level 6 in Ice Magic
   913 | D:5      | Reached XP level 5. HP: 40/40 MP: 0/8
   932 | D:4      | Noticed Grinder
   999 | D:4      | Found a staircase to the Ecumenical Temple.
  1014 | Temple   | Entered the Ecumenical Temple
  1014 | Temple   | Noticed a balrug
  1014 | Temple   | Noticed an ice devil
  1014 | Temple   | Noticed an ice devil
  1014 | Temple   | Noticed a rust devil
  1014 | Temple   | Noticed a Tzitzimitl
  1015 | Temple   | Noticed Laver the pandemonium lord
  1015 | Temple   | Noticed Nesim the pandemonium lord
  1015 | Temple   | Noticed a sun demon
  1018 | Temple   | Noticed Reproov the pandemonium lord
  1020 | Temple   | Noticed a shadow demon
  1044 | Temple   | Noticed Irunapuu the pandemonium lord
  1053 | Temple   | Noticed a hell beast
  1053 | Temple   | Noticed a reaper
  1053 | Temple   | Noticed a ynoxinul
  1054 | Temple   | Noticed Gumnevo the pandemonium lord
  1065 | Temple   | Noticed a Brimstone Fiend
  1067 | Temple   | Noticed Mareku the pandemonium lord
  1067 | Temple   | Noticed a soul eater
  1069 | Temple   | Noticed a hellwing
  1073 | Temple   | Became a worshipper of Ashenzari the Shackled
  1146 | D:4      | Reached XP level 6. HP: 33/48 MP: 5/9
  1150 | D:4      | Learned a level 3 spell: Ozocubu's Armour
  1205 | D:4      | Reached skill level 7 in Ice Magic
  1301 | D:5      | Reached XP level 7. HP: 44/53 MP: 10/12
  1334 | D:5      | Noticed Prince Ribbit
  1361 | D:5      | Killed Prince Ribbit
  1362 | D:5      | Reached skill level 5 in Spellcasting
  1538 | D:4      | Identified the +9 sling of Descent {freeze, rF- Dex+5}
  1695 | D:5      | Reached XP level 8. HP: 60/60 MP: 13/16
  1794 | D:6      | Reached skill level 8 in Ice Magic
  1795 | D:6      | Reached skill level 1 in Fighting
  1941 | D:6      | Learned a level 4 spell: Summon Ice Beast
  1952 | D:6      | Noticed a two-headed ogre
  1952 | D:6      | Noticed a kobold demonologist
  1981 | D:6      | Killed a two-headed ogre
  1982 | D:6      | Reached XP level 9. HP: 38/75 MP: 11/17
  1994 | D:6      | Killed a kobold demonologist
  1995 | D:6      | Reached skill level 5 in Summonings
  2111 | D:6      | Reached * piety under Ashenzari
  2111 | D:6      | Identified the +5 hand axe of Callousness {heavy, Will+
                  | MP+9}
  2273 | D:7      | Noticed a two-headed ogre
  2284 | D:7      | Killed a two-headed ogre
  2285 | D:7      | Reached skill level 5 in Stealth
  2300 | D:7      | Noticed Duvessa
  2300 | D:7      | Noticed Dowan
  2307 | D:7      | Killed Duvessa
  2307 | D:7      | Killed Dowan
  2443 | D:7      | Noticed Menkaure
  2490 | D:8      | Reached ** piety under Ashenzari
  2493 | D:8      | Reached XP level 10. HP: 85/85 MP: 19/19
  2656 | D:9      | Reached skill level 5 in Fighting
  2688 | D:9      | Found a flagged portal.
  2713 | Bailey   | Entered a bailey
  2737 | Bailey   | Noticed an orc warlord
  2737 | Bailey   | Identified a scroll of acquirement
  2785 | Bailey   | Reached skill level 1 in Evocations
  2822 | Bailey   | Found a runed translucent gate.
  2823 | Bailey   | Found a runed translucent gate.
  2828 | Bailey   | Found a runed translucent gate.
  3020 | Bailey   | Killed an orc warlord
  3021 | Bailey   | Reached skill level 5 in Evocations
  3044 | Bailey   | Acquired the +3 barding of Mabeneru {Fly}
  3059 | D:10     | Entered Level 10 of the Dungeon
  3101 | D:9      | Reached skill level 1 in Armour
  3175 | D:9      | Found a staircase to the Lair.
  3262 | D:10     | Found a staircase to the Orcish Mines.
  3287 | Orc:1    | Entered Level 1 of the Orcish Mines
  3287 | Orc:1    | Noticed an orc knight
  3290 | Orc:2    | Entered Level 2 of the Orcish Mines
  3319 | D:10     | Noticed a phantasmal warrior
  3346 | Lair:1   | Entered Level 1 of the Lair of Beasts
  3379 | Lair:1   | Noticed a cane toad
  3382 | Lair:1   | Noticed a cane toad
  3383 | Lair:1   | Killed a cane toad
  3383 | Lair:1   | Noticed a skyshark
  3384 | Lair:1   | Reached skill level 9 in Ice Magic
  3386 | Lair:1   | Reached XP level 11. HP: 40/97 MP: 20/20
  3393 | Lair:1   | Killed a skyshark
  3515 | Lair:1   | Reached skill level 10 in Ice Magic
  3555 | Lair:1   | Reached skill level 1 in Conjurations
  3555 | Lair:1   | Reached skill level 1 in Air Magic
  3561 | Lair:1   | Learned a level 5 spell: Freezing Cloud
  3613 | Lair:2   | Identified the cursed +0 helmet of Desmomancy {Self, Fort}
                  | (You took it off Robin on level 2 of the Dungeon)
  3613 | Lair:2   | Identified the cursed +1 pair of gloves of Star-Bound
                  | Wisdom {Elem, Cun} (You found it on level 3 of the Dungeon)
  3719 | Lair:2   | Noticed a skyshark
  3741 | Lair:2   | Killed a skyshark
  4041 | Lair:3   | Reached skill level 5 in Conjurations
  4041 | Lair:3   | Reached skill level 5 in Air Magic
  4056 | Lair:3   | Identified the +2 scale mail of Starshine {Will++}
  4092 | Lair:3   | Noticed a boulder beetle
  4114 | Lair:3   | Killed a boulder beetle
  4136 | Lair:3   | Noticed Snorg
  4144 | Lair:3   | Reached XP level 12. HP: 42/103 MP: 8/21
  4146 | Lair:3   | Killed Snorg
  4183 | Lair:3   | Identified the +5 war axe of Vagonor {venom, Drain rF+ rC+}
  4261 | Lair:3   | Noticed Josephine
  4288 | Lair:3   | Killed Josephine
  4469 | Lair:3   | Noticed Nergalle
  4478 | Lair:3   | Killed Nergalle
  4491 | Lair:3   | Noticed a four-headed hydra
  4497 | Lair:3   | Killed a four-headed hydra
  4539 | Lair:3   | Noticed Sonja
  4540 | Lair:3   | Sonja changed into Sonja the raiju
  4540 | Lair:3   | Noticed Sonja
  4549 | Lair:3   | Killed Sonja the raiju
  4577 | Lair:3   | Reached *** piety under Ashenzari
  4793 | Lair:5   | Entered Level 5 of the Lair of Beasts
  4793 | Lair:5   | Noticed a catoblepas
  4795 | Lair:5   | Noticed a five-headed hydra
  4882 | Lair:5   | Found a gate leading to a gauntlet.
  4902 | Gauntlet | Entered a Gauntlet
  4902 | Gauntlet | Found a transporter.
  4964 | Gauntlet | Found a transporter.
  4964 | Gauntlet | Found a transporter.
  4966 | Gauntlet | Found a transporter.
  4972 | Gauntlet | Identified the ring "Ytau" {rF+ Str+2 Int+6}
  4974 | Gauntlet | Found a transporter.
  4974 | Gauntlet | Found a transporter.
  4982 | Gauntlet | Reached skill level 1 in Fire Magic
  4982 | Gauntlet | Found a transporter.
  4990 | Gauntlet | Found a transporter.
  4990 | Gauntlet | Found a transporter.
  4990 | Gauntlet | Found a transporter.
  5182 | Gauntlet | Found a runed translucent gate.
  5182 | Gauntlet | Found a runed translucent gate.
  5182 | Gauntlet | Found a runed translucent gate.
  5184 | Gauntlet | Found a transporter.
  5185 | Gauntlet | Identified the +2 pair of boots "Qeucwegra" {rElec rCorr}
  5186 | Gauntlet | Found a transporter.
  5187 | Gauntlet | Found a transporter.
  5192 | Gauntlet | Noticed a cacodemon
  5198 | Gauntlet | Found a transporter.
  5210 | Gauntlet | Identified the +1 plate armour of Disguise {-Tele rN++
                  | Regen+ SInv}
  5210 | Gauntlet | Noticed a minotaur
  5236 | Gauntlet | Killed a minotaur
  5241 | Gauntlet | Identified Fytutial's Vellum of the Loathsome Atmosphere
  5289 | Lair:5   | Killed a catoblepas
  5479 | Lair:5   | Reached skill level 5 in Fire Magic
  5479 | Lair:5   | Reached XP level 13. HP: 49/112 MP: 25/25
  5492 | Lair:5   | Learned a level 5 spell: Fireball
  5499 | Lair:5   | Learned a level 6 spell: Starburst
  6287 | Lair:5   | Reached **** piety under Ashenzari
  6698 | Lair:5   | Reached skill level 1 in Shields
  7026 | Lair:4   | Found a viscous altar of Jiyva.
  7028 | Lair:4   | Found a staircase to the Slime Pits.
  7137 | Lair:1   | Reached XP level 14. HP: 63/124 MP: 18/27
  7246 | D:9      | Reached skill level 1 in Translocations
  7247 | D:10     | Mangled by a freezing wraith

Illustrated notes

Levels and vault maps discovered:
D:1:      dpeg_arrival_rooms_b, layout_basic, minmay_parallelograms,
          chequers_serial_rivers_large_b
D:2:      kennysheep_the_goblin_king, layout_basic, minmay_misc_feat_plants,
          uniq_crazy_yiuf_cottage, uniq_robin
D:3:      layout_basic, grunt_ministairs_12
D:4:      layout_basic, temple_hall, uniq_grinder, uniq_natasha
D:5:      layout_rooms, serial_rivers, chequers_serial_rivers_room_a,
          chequers_serial_rivers_small_a, chequers_serial_rivers_small_3,
          chequers_serial_rivers_small_3, chequers_serial_rivers_micro_e,
          uniq_prince_ribbit1
D:6:      kennysheep_big_flooded_room, layout_loops_ring, minmay_shop_damaged,
          minmay_misc_feat_x
D:7:      layout_loops_ring, minmay_manual_mess, uniq_duvessa, uniq_menkaure
D:8:      layout_rooms, grunt_ogre_cave
D:9:      layout_cave_pools, due_lair_maze_entry_diamond, enter_bailey_5,
          serial_column_ruins, column_ruins_pillar_4, column_ruins_pillar_6,
          column_ruins_pillar_1, column_ruins_pillar_5, column_ruins_pillar_7,
          column_ruins_pillar_3, column_ruins_pillar_1, column_ruins_pillar_4,
          column_ruins_pillar_3, column_ruins_pillar_1, column_ruins_pillar_7,
          column_ruins_pillar_1, column_ruins_pillar_1, column_ruins_pillar_11,
          column_ruins_pillar_1, column_ruins_pillar_2, column_ruins_pillar_9
D:10:     layout_long_grid, grunt_temple_overflow_octagram, david_orc_3
Temple:   nicolae_temple_panitentiary
Lair:1:   layout_regular_city, grunt_megastairs_1
Lair:2:   layout_regular_city, nicolae_spider_entry_tight_spaces, minivault_27,
          chequers_serial_rivers_large_a, chequers_serial_rivers_micro_e,
          nicolae_quartered_pool_super, lemuel_fruit_fields
Lair:3:   layout_gridlike, palyth_hydra_swamp_entry, st_stairs_4,
          fungi_pond_lemuel, uniq_josephine, uniq_nergalle, uniq_snorg,
          uniq_sonja
Lair:4:   layout_concentric_octagons, minmay_slime_entry_oklob_enclosed,
          serial_bayou_shore_b
Lair:5:   minmay_lair_end_enchanted_forest, layout_cave_pods,
          gauntlet_entry_generic, evilmike_ambush [evilmike_ambush_outer_basic,
          evilmike_ambush_inner_basic]
Orc:1:    layout_caves, nicolae_volcano_entry_batcave, mines5_lemuel, uniq_erica
Orc:2:    grunt_orc_tribal_feast, layout_caves, portal_ice_cave_rime

Skill      XL: |  1  2  3  4  5  6  7  8  9 10 11 12 13 14 |
---------------+-------------------------------------------+-----
Ice Magic      | 4 5 6 7 8 9 10 | 10.1
Spellcasting   | 2 3 5 6 |  6.4
Fighting       | 3 5 |  5.4
Summonings     | 4 6 |  6.0
Stealth        | 6 |  6.7
Dodging        | 3 |  3.2
Evocations     | 5 |  5.3
Armour         | 3 |  3.9
Conjurations   | 5 7 9 |  9.5
Air Magic      | 5 7 |  7.5
Fire Magic     | 5 9 |  9.1
Shields        | 4 |  4.2
Translocations | 1 |  1.5

Action                     |  1- 3 |  4- 6 |  7- 9 | 10-12 | 13-15 || total
---------------------------+-------+-------+-------+-------+-------++-------
  Melee: Unarmed           |    13 |       |       |       |       ||    13
         Tailslap          |     2 |     8 |    12 |    23 |    12 ||    57
         Dagger            |     2 |       |       |       |       ||     2
         Quarterstaff      |     4 |    59 |    39 |       |       ||   102
         Rapier            |       |       |    54 |       |       ||    54
         Punch             |       |       |     3 |     4 |       ||     7
         Hand axe          |       |       |    19 |   165 |    92 ||   276
  Throw: Throwing net      |       |     1 |     1 |     2 |       ||     4
         Boomerang         |       |       |       |     1 |       ||     1
         Dart              |       |       |       |     6 |       ||     6
   Cast: Freeze            |    21 |    12 |     7 |       |       ||    40
         Frozen Ramparts   |     2 |     8 |    31 |    60 |    13 ||   114
         Ozocubu's Armour  |       |       |    14 |    35 |    15 ||    64
         Summon Ice Beast  |       |       |     1 |    48 |     9 ||    58
         Freezing Cloud    |       |       |       |    18 |    22 ||    40
         Fireball          |       |       |       |       |    23 ||    23
         Starburst         |       |       |       |       |    11 ||    11
 Invoke: Curse Item        |       |       |     3 |     4 |     2 ||     9
         Shatter the Chain |       |       |       |     2 |       ||     2
  Evoke: Wand              |       |       |       |    14 |     2 ||    16
         Box of beasts     |       |       |       |     1 |       ||     1
    Use: Potion            |       |     2 |     9 |     8 |     1 ||    20
         Scroll            |       |       |       |     6 |     2 ||     8
   Stab: Sleeping          |       |     3 |     4 |     3 |     2 ||    12
         Held in net/web   |       |       |     1 |       |       ||     1
         Distracted        |       |       |       |     2 |     1 ||     3
 Armour: Robe              |    19 |    34 |    99 |    31 |       ||   183
         Leather armour    |       |       |       |   214 |   172 ||   386
         Skin              |       |       |       |    33 |       ||    33
  Dodge: Dodged            |    24 |    31 |    93 |   185 |   100 ||   433
  Block: Buckler           |       |       |       |       |    13 ||    13

Table legend: (Time is in decaauts)
 A = Elapsed time spent in this place.
 B = Non-inter-level travel time spent in this place.
 C = Inter-level travel time spent in this place.
 D = Time resting spent in this place.
 E = Time spent auto-exploring this place.
 F = Levels seen in this place.
 G = Mean time per level.
                   A        B        C        D        E       F      G
               +--------+--------+--------+--------+--------+-----+--------+
         Total |   7586 |   7117 |    469 |    957 |      0 |  20 |  379.3 |
       Dungeon |   3042 |   2773 |    269 |      0 |      0 |  10 |  304.2 |
        Temple |     76 |     60 |     16 |      0 |      0 |   1 |   76.0 |
          Lair |   3725 |   3541 |    184 |    801 |      0 |   5 |  745.0 |
  Orcish Mines |      8 |      8 |      0 |      0 |      0 |   2 |    4.0 |
        Bailey |    359 |    359 |      0 |      0 |      0 |   1 |  359.0 |
      Gauntlet |    373 |    373 |      0 |    156 |      0 |   1 |  373.0 |
               +--------+--------+--------+--------+--------+-----+--------+

Top non-repeatable levels by time:
  Lair:5: 1878 daAuts
  Lair:3: 659 daAuts
  Lair:2: 529 daAuts
     D:6: 408 daAuts
     D:3: 407 daAuts
     D:9: 394 daAuts
     D:4: 385 daAuts
     D:7: 378 daAuts
Gauntlet: 373 daAuts
     D:5: 366 daAuts
  Bailey: 359 daAuts
     D:2: 355 daAuts
  Lair:1: 340 daAuts
  Lair:4: 317 daAuts
     D:1: 147 daAuts
